 Dungeon Crawl Stone Soup version 0.26-a0-969-g2c58977ddd (webtiles) character file.

Game seed: 3939273818102496214

1695 KristoblXynda the Nimble (level 8, 0/43 HPs)
             Began as a Spriggan Berserker on Dec 3, 2020.
             Was an Elder of Trog.
             Slain by an ogre
             ... wielding a +0 giant spiked club
              (23 damage)
             ... on level 6 of the Dungeon.
             The game lasted 00:10:04 (7527 turns).

KristoblXynda the Nimble (Spriggan Berserker)       Turns: 7527, Time: 00:10:04

Health: 0/43       AC:  3    Str: 19    XL:     8   Next: 72%
Magic:  9/9        EV: 27    Int:  9    God:    Trog [****..]
Gold:   314        SH:  0    Dex: 23    Spells: 7/7 levels left

rFire    . . .     SeeInvis +   q - +2 dagger (drain)
rCold    . . .     Faith    .   (shield restricted)
rNeg     . . .     Spirit   .   b - +0 animal skin
rPois    .         Reflect  .   k - +0 hat
rElec    .         Harm     .   n - +0 cloak
rCorr    .         Rampage  .   (gloves unavailable)
MR       +....                  (boots unavailable)
Stlth    ++++......             (no amulet)
HPRegen  0.14/turn              p - +6 ring of dexterity
MPRegen  0.11/turn              v - +6 ring of strength

@: very quick
A: very small, unfitting armour, see invisible, speed 3
a: Berserk, Trog's Hand, Brothers in Arms, Renounce Religion


You were on level 6 of the Dungeon.
You worshipped Trog.
Trog was greatly pleased with you.
You visited 1 branch of the dungeon, and saw 6 of its levels.

You collected 314 gold pieces.

Inventory:

Hand Weapons
 q - a +2 dagger of draining (weapon)
Armour
 b - a +0 animal skin (worn)
 k - a +0 hat (worn)
 n - a +0 cloak (worn)
Jewellery
 p - a +6 ring of dexterity (left hand)
 v - a +6 ring of strength (right hand)
Wands
 j - a wand of disintegration (3)
Scrolls
 a - a scroll of vulnerability {unknown}
 c - a scroll of teleportation {unknown}
 d - a scroll of enchant armour {unknown}
 f - 3 scrolls of immolation {unknown}
 h - 3 scrolls of enchant weapon
 i - 2 scrolls of remove curse {unknown}
 m - a scroll of magic mapping {unknown}
 w - a scroll of fear {unknown}
Potions
 e - a potion of mutation
 g - a potion of lignification
 l - 2 potions of ambrosia
 o - 2 potions of flight
 r - a potion of heal wounds {unknown}
 s - a potion of haste {unknown}
 t - 2 potions of might {unknown}
 u - a potion of curing {unknown}


   Skills:
 + Level 5.2 Fighting
 + Level 6.9 Short Blades
 + Level 9.1 Dodging
 + Level 8.6 Stealth


You had 7 spell levels left.
You didn't know any spells.
Your spell library was empty.

Dungeon Overview and Level Annotations

Branches:
Dungeon (6/15)             Temple (0/1) D:4

Altars:
Ashenzari
Cheibriados
Elyvilon
Kikubaaqudgha
Okawaru
Qazlal
Wu Jian
Xom
Zin

Shops:
D:5 ?}:


Innate Abilities, Weirdness & Mutations

You are very small and have problems with some larger weapons.
You are too small for most types of armour.
You have supernaturally acute eyesight. (SInv)
You cover ground extremely quickly.


Message History

v - an iron ring You feel stronger.
v - a +6 ring of strength (right hand)
There is a stone staircase leading up here.
w - a scroll labelled PIESIYN YNOAV
Found 23 stones.
An ogre comes into view. It is wielding a +0 giant spiked club.
The ogre shouts!
You hit the ogre.
The ogre is lightly wounded.
You hit the ogre.
The ogre is lightly wounded.
The ogre hits you with a +0 giant spiked club!!
You hit the ogre.
The ogre is moderately wounded.
You hit the ogre but do no damage.
The ogre is moderately wounded.
The ogre hits you with a +0 giant spiked club!!
Ouch! That really hurt!
You die...

#.##.................
#....................
#.####.#..######.#.##
#.# #.#.... ..#. #.#
.#.### # #.# .# #
#.####.#.###
#...........
####@....##
#..O.......
#..........
#....(.....
#..........
#..........
###.####### #.#


You could see an ogre.

Vanquished Creatures
  Sigmund (D:4)
  A hornet zombie (D:6)
  An ice beast (D:5)
  A sky beast (D:5)
  2 ogres (D:5)
  2 big kobolds (D:4)
  A gnoll sergeant (D:5)
  A scorpion (D:4)
  A bullfrog zombie (D:5)
  2 jellies
  Crazy Yiuf (D:3)
  A gnoll shaman (D:5)
  An orc priest (D:5)
  3 hounds
  4 orc wizards
  Natasha (twice) (D:4)
  A worker ant (D:4)
  A worker ant zombie (D:4)
  17 gnolls
  7 adders
  A shadow imp (D:5)
  A white imp (D:5)
  An ufetubus (D:5)
  An adder skeleton (D:4)
  3 worms
  3 dart slugs
  6 leopard geckos
  11 orcs
  14 bats
  4 giant cockroaches
  8 hobgoblins
  9 jackals
  5 quokkas
  4 frilled lizards
  A giant cockroach zombie (D:3)
  8 goblins
  A jackal skeleton (D:5)
  9 kobolds
  A leopard gecko zombie (D:5)
  11 rats
153 creatures vanquished.

Vanquished Creatures (others)
  3 plants (D:4)
3 creatures vanquished.

Grand Total: 156 creatures vanquished

Notes
Turn   | Place    | Note
-------+----------+-------------------------------------------
     0 | D:1      | KristoblXynda the Spriggan Berserker began the quest for
                  | the Orb.
     0 | D:1      | Reached XP level 1. HP: 11/11 MP: 2/2
   456 | D:1      | Reached skill level 1 in Stealth
   456 | D:1      | Reached XP level 2. HP: 8/16 MP: 3/3
  1482 | D:1      | Found an ancient bone altar of Kikubaaqudgha.
  1484 | D:1      | Found an ornate altar of the Wu Jian Council.
  1484 | D:1      | Found a shimmering altar of Xom.
  1486 | D:1      | Found a white marble altar of Elyvilon.
  1486 | D:1      | Found an ancient bone altar of Kikubaaqudgha.
  1486 | D:1      | Found a glowing silver altar of Zin.
  1623 | D:1      | Reached XP level 3. HP: 19/19 MP: 4/4
  2083 | D:2      | Reached skill level 5 in Dodging
  2342 | D:2      | Reached ** piety under Trog
  2406 | D:2      | Reached XP level 4. HP: 23/23 MP: 5/5
  2737 | D:2      | Found a broken altar of Ashenzari.
  3520 | D:3      | Found an iron altar of Okawaru.
  4070 | D:3      | Reached XP level 5. HP: 28/28 MP: 6/6
  4138 | D:3      | Found a stormy altar of Qazlal.
  4226 | D:3      | Found a runed translucent door.
  4227 | D:3      | Noticed Crazy Yiuf
  4340 | D:3      | Killed Crazy Yiuf
  4693 | D:4      | Reached skill level 6 in Dodging
  4813 | D:4      | Found an ancient bone altar of Kikubaaqudgha.
  4850 | D:4      | Reached XP level 6. HP: 23/32 MP: 7/7
  4853 | D:4      | Reached *** piety under Trog
  5112 | D:4      | Reached skill level 5 in Stealth
  5151 | D:4      | Reached skill level 5 in Short Blades
  5348 | D:4      | Noticed Natasha
  5352 | D:4      | Killed Natasha
  5461 | D:4      | Found a snail-covered altar of Cheibriados.
  5531 | D:4      | Noticed Sigmund
  5532 | D:4      | Found a staircase to the Ecumenical Temple.
  5539 | D:4      | Killed Sigmund
  5540 | D:4      | Reached skill level 7 in Dodging
  5540 | D:4      | Reached XP level 7. HP: 33/37 MP: 8/8
  5899 | D:4      | Noticed Natasha
  5906 | D:4      | Killed Natasha
  5934 | D:5      | Entered Level 5 of the Dungeon
  5934 | D:5      | Found Nybbifei's Gadget Shop.
  6158 | D:5      | Found Upha's Magic Scroll Emporium.
  6301 | D:5      | Reached XP level 8. HP: 42/42 MP: 9/9
  6323 | D:5      | Reached skill level 8 in Dodging
  6466 | D:5      | Reached **** piety under Trog
  6787 | D:5      | Reached skill level 5 in Fighting
  7062 | D:5      | Found Jaewaid's Book Boutique.
  7466 | D:6      | Reached skill level 9 in Dodging
  7527 | D:6      | Slain by an ogre

Illustrated notes

Levels and vault maps discovered:
D:1:      elethiomel_arrival_maze, layout_basic, doesnt_xom_only_xom
D:2:      layout_basic, nicolae_overflow_hidden_temple, minmay_circle_x
D:3:      layout_rooms, okawaru_metal_pillars_1_2, grunt_qazlal_clouds,
          uniq_crazy_yiuf_cottage
D:4:      layout_loops_ring, nicolae_overflow_crystal_walls,
          cheibriados_altar_1, minmay_temple_entry_grid, minmay_strange_pillars,
          lexackson_kobold_supper, uniq_sigmund, uniq_natasha
D:5:      layout_cave_pools, serial_shops, shop, serial_gnoll_camp,
          gnoll_camp_mini_shop, gnoll_camp_medium_02, gnoll_camp_mini_shop,
          gnoll_camp_mini_doghouse
D:6:      layout_basic, lemuel_doored_altar, ebering_ghost_sewer_d,
          serial_shops, shop, uniq_duvessa

Skill      XL: |  1  2  3  4  5  6  7  8 |
---------------+-------------------------+-----
Stealth        | 1 2 3 4 5 7 8 |  8.6
Dodging        | 5 6 7 9 |  9.1
Short Blades   | 4 5 6 |  6.9
Fighting       | 3 4 5 |  5.2

Action                   |  1- 3 |  4- 6 |  7- 9 || total
-------------------------+-------+-------+-------++-------
Melee: Short sword       |   125 |   220 |       ||   345
       Dagger            |       |    14 |   263 ||   277
Invok: Berserk           |     4 |     7 |     2 ||    13
       Trog's Hand       |     1 |       |       ||     1
  Use: Scroll            |       |       |     6 ||     6
 Stab: Sleeping          |     7 |     7 |    12 ||    26
       Distracted        |       |       |     2 ||     2
Armor: Animal skin       |     9 |    17 |     8 ||    34
Dodge: Dodged            |   114 |   194 |   202 ||   510

Table legend: (Time is in decaauts)
 A = Elapsed time spent in this place.
 B = Non-inter-level travel time spent in this place.
 C = Inter-level travel time spent in this place.
 D = Time resting spent in this place.
 E = Time spent auto-exploring this place.
 F = Levels seen in this place.
 G = Mean time per level.
                   A        B        C        D        E       F      G
               +--------+--------+--------+--------+--------+-----+--------+
         Total |   6207 |   6113 |     94 |   3045 |   1994 |   6 | 1034.5 |
       Dungeon |   6207 |   6113 |     94 |   3045 |   1994 |   6 | 1034.5 |
               +--------+--------+--------+--------+--------+-----+--------+

Top non-repeatable levels by time:
     D:2: 1492 daAuts
     D:1: 1481 daAuts
     D:5: 1250 daAuts
     D:4: 1073 daAuts
     D:3: 868 daAuts
     D:6: 41 daAuts
